 Dungeon Crawl Stone Soup version 0.30-a0-556-g0a0f5a245f (webtiles) character file.

Game seed: 9082110518883471789

165 M4edhros the Charlatan (level 5, -1/34 HPs)
             Began as an Octopode Artificer on Dec 27, 2022.
             Was a Follower of Cheibriados.
             Slain by Sigmund
             ... wielding a +5 heavy scythe
              (24 damage)
             ... on level 6 of the Dungeon.
             The game lasted 00:02:37 (2975 turns).

M4edhros the Charlatan (Octopode Artificer)         Turns: 2975, Time: 00:02:37

Health: -1/34      AC:  1    Str: 14    XL:     5   Next: 46%
Magic:  14/14      EV: 14    Int: 15    God:    Cheibriados [*.....]
Gold:   176        SH:  0    Dex: 16    Spells: 4/4 levels left

rFire   . . .      SeeInvis .      - Unarmed
rCold   . . .      Faith    .    (no shield)
rNeg    . . .      Spirit   .    (helmet restricted)
rPois   .          Reflect  .    (no amulet)
rElec   .          Harm     .    n - ring of magical power
rCorr   .          Rampage  .    g - ring of willpower
Will    +....                    (no ring)
Stlth   +++                      (no ring)
HPRegen 0.25/turn                (no ring)
MPRegen 0.14/turn                (no ring)
                                 (no ring)
                                 (no ring)

@: very slow
A: almost no armour, amphibious, 8 rings, camouflage 1, gelatinous body 1,
(nimble swimmer 1), tentacles
a: Renounce Religion, Bend Time


You were on level 6 of the Dungeon.
You worshipped Cheibriados.
Cheibriados was aware of your devotion.
You visited 2 branches of the dungeon, and saw 6 of its levels.

You collected 176 gold pieces.

Inventory:

Missiles
 q - 2 poisoned darts
Jewellery
 g - a ring of willpower (right tentacle)
 n - a ring of magical power (left tentacle)
Wands
 b - a wand of flame (13) (quivered)
 c - a wand of charming (13)
 d - a wand of iceblast (5)
 r - a wand of paralysis (11)
Scrolls
 a - 2 scrolls of enchant armour {unknown}
 e - 4 scrolls of identify {unknown}
 f - 2 scrolls of magic mapping {unknown}
 h - a scroll of fog {unknown}
 j - 4 scrolls of immolation {unknown}
 m - a scroll of poison {unknown}
 o - a scroll of enchant weapon {unknown}
 p - a scroll of silence {unknown}
Potions
 i - a potion of heal wounds {unknown}
 k - 2 potions of lignification {unknown}
 l - 2 potions of attraction {unknown}
 s - a potion of degeneration {unknown}


   Skills:
 + Level 2.1 Fighting
 + Level 3.0 Dodging
 + Level 3.1 Stealth
 * Level 2.7 Unarmed Combat
 + Level 4.0 Evocations


You had 4 spell levels left.
You didn't know any spells.
Your spell library contained the following spells:

 Spells                   Type           Power      Damage    Failure   Level
 Summon Forest            Summ/Tloc      0%         N/A       100%        5
 Eringya's Noxious Bog    Tmut/Pois      0%         N/A       100%        6
 Summon Hydra             Summ           0%         N/A       100%        7


Dungeon Overview and Level Annotations

Branches:
Dungeon (4/15)             Temple (1/1) D:4

Altars:
Ashenzari
Cheibriados
Dithmenos
Elyvilon
Fedhas
Gozag
Hepliaklqana
Kikubaaqudgha
Makhleb
Nemelex Xobeh
Okawaru
Qazlal
Ru
Sif Muna
Trog
Uskayaw
Vehumet
Wu Jian
Xom
Yredelemnul
Zin
The Shining One

Annotations:
D:6 Sigmund


Innate Abilities, Weirdness & Mutations

You cannot wear most types of armour.
You are amphibious.
You can wear up to eight rings at the same time.
Your skin changes colour to match your surroundings (Stealth+).
Your rubbery body absorbs attacks. (AC +1, EV +1)
((You are camouflaged when in or above water. (Stealth+)))
You have tentacles for arms and can constrict up to eight enemies at once.


Message History

You tentacle-slap the hound but do no damage.
Your grab misses the hound. Your squeeze misses the hound.
The hound barely misses you. The hound closely misses you.
You barely miss the hound. You grab the hound. You squeeze the hound!
The hound is severely wounded.
You constrict the hound. The hound barely misses you.
You tentacle-slap the hound.
You kill the hound!
Cheibriados thoroughly appreciates the change of pace.
No target in view!
You see here a hound corpse.
No target in view!
No target in view!
Sigmund the Dreaded comes into view.
He is wielding a +5 heavy scythe.
Sigmund shouts!
Sigmund hits you from afar with a +5 heavy scythe!
Sigmund is nearby!
Sigmund closely misses you.
Sigmund is nearby!
Sigmund is nearby!
You barely miss Sigmund. Your grab misses Sigmund. You squeeze Sigmund.
Sigmund is lightly wounded.
Sigmund is nearby!
You tentacle-slap Sigmund. You grab Sigmund.
Sigmund is lightly wounded.
You constrict Sigmund. Sigmund gestures at you while chanting.
You resist with almost no effort.
You tentacle-slap Sigmund but do no damage.
Sigmund is lightly wounded.
You constrict Sigmund, but do no damage.
Sigmund gestures at you while chanting. The magic dart hits you.
You tentacle-slap Sigmund but do no damage.
You squeeze Sigmund!
Sigmund is heavily wounded.
You constrict Sigmund.
Sigmund hits you with a +5 heavy scythe!!
Ouch! That really hurt!
You die...

#.# #.# #.# . #.#
. #.# . #.# .#####
#@#
.....###########@#
.................#
.........†....####
.....########.#
###..# #.#
##..########.#
#............#
###.##########
####.#


You could see Sigmund.

Vanquished Creatures
  A hound (D:6)
  A gnoll (D:1)
  5 adders
  A worm (D:2)
  A dart slug (D:3)
  5 orcs
  8 endoplasms
  A giant cockroach (D:1)
  8 goblins
  3 hobgoblins
  9 jackals
  5 kobolds
  5 quokkas
  3 ball pythons
  6 bats
  3 rats
65 creatures vanquished.

Notes
Turn   | Place    | Note
-------+----------+-------------------------------------------
     0 | D:1      | M4edhros the Octopode Artificer began the quest for the
                  | Orb.
     0 | D:1      | Reached XP level 1. HP: 13/13 MP: 1/1
   293 | D:1      | Reached XP level 2. HP: 13/18 MP: 2/2
   386 | D:2      | Reached skill level 1 in Unarmed Combat
   504 | D:2      | Reached XP level 3. HP: 17/23 MP: 3/3
   834 | D:3      | Reached XP level 4. HP: 28/28 MP: 4/4
  1333 | D:4      | Found an opulent altar of Gozag.
  1359 | D:4      | Found a staircase to the Ecumenical Temple.
  1371 | Temple   | Entered the Ecumenical Temple
  1426 | Temple   | Became a worshipper of Cheibriados the Contemplative
  2382 | D:3      | Reached * piety under Cheibriados
  2491 | D:3      | Reached XP level 5. HP: 34/34 MP: 5/5
  2652 | D:3      | Reached skill level 4 in Evocations
  2945 | D:4      | You fall into a shaft and drop 2 floors!
  2970 | D:6      | Noticed Sigmund
  2975 | D:6      | Slain by Sigmund

Illustrated notes

Levels and vault maps discovered:
D:1:      matt_arrival_grand_opening, layout_loops_ring, minmay_crystal_room
D:2:      layout_loops_ring
D:3:      layout_basic, st_stairs_12
D:4:      layout_layer_cave, mainiacjoe_overflow_paths,
          minmay_temple_entry_offerings
D:6:      layout_basic, gammafunk_ghost_stat_death, kennysheep_generic_room_15,
          uniq_sigmund
Temple:   kilobyte_greek_temple

Skill      XL: |  1  2  3  4  5 |
---------------+----------------+-----
Stealth        | 2 3 |  3.1
Unarmed Combat | 1 2 |  2.7
Fighting       | 2 |  2.1
Evocations     | 4 |  4.0
Dodging        | 3 |  3.0

Action                   |  1- 3 |  4- 6 || total
-------------------------+-------+-------++-------
Melee: Unarmed           |    58 |   107 ||   165
       Tentacles         |    15 |    23 ||    38
       Constrict         |    14 |    29 ||    43
       Punch             |     2 |     1 ||     3
Evoke: Wand              |     2 |     2 ||     4
 Stab: Sleeping          |     8 |     8 ||    16
Armor: Skin              |     9 |     9 ||    18
Dodge: Dodged            |    26 |    60 ||    86

Table legend: (Time is in decaauts)
 A = Elapsed time spent in this place.
 B = Non-inter-level travel time spent in this place.
 C = Inter-level travel time spent in this place.
 D = Time resting spent in this place.
 E = Time spent auto-exploring this place.
 F = Levels seen in this place.
 G = Mean time per level.
                   A        B        C        D        E       F      G
               +--------+--------+--------+--------+--------+-----+--------+
         Total |   3360 |   2969 |    391 |    196 |   2215 |   6 |  560.0 |
       Dungeon |   3253 |   2913 |    340 |    196 |   2185 |   5 |  650.6 |
        Temple |    106 |     56 |     50 |      0 |     30 |   1 |  106.0 |
               +--------+--------+--------+--------+--------+-----+--------+

Top non-repeatable levels by time:
     D:3: 1134 daAuts
     D:1: 942 daAuts
     D:2: 706 daAuts
     D:4: 431 daAuts
  Temple: 106 daAuts
     D:6: 38 daAuts
